 Dungeon Crawl Stone Soup version 0.30-a0-799-g109b55a442 (webtiles) character file.

Game seed: 6368393776180948452

2170685 themarg the Stormcaller (level 27, 63/228 (248) HPs)
             Began as a Demonspawn Fire Elementalist on Feb 20, 2023.
             Was a High Priest of Hepliaklqana.
             Escaped with the Orb
             ... and 4 runes on Feb 21, 2023!
             The game lasted 07:57:14 (79435 turns).

themarg the Stormcaller (DsFE)                     Turns: 79435, Time: 07:57:15

HP:   63/228 (248)  AC: 21    Str: 13    XL:     27
MP:   43/44         EV: 18    Int: 26    God:    Hepliaklqana [*****.]
Gold: 6846          SH: 11    Dex: 14    Spells: 5/53 levels left

rFire   + . .      SeeInvis +    U - +3 falchion "Gaureath" {heavy, rPois Will+++ Str+3 Dex-5}
rCold   + . .      Faith    .    v - +2 buckler
rNeg    . . .      Spirit   +    a - +4 troll leather armour
rPois   +          Reflect  .    (helmet unavailable)
rElec   .          Harm     .    h - +2 cloak {Stlth+}
rCorr   .          Rampage  .    Q - +2 pair of gloves
Will    +++++                    F - +2 pair of boots {Fly}
Stlth   +                        B - amulet of regeneration
HPRegen 2.18/turn                L - ring of protection from fire
MPRegen 0.58/turn                V - ring of see invisible

@: flying, studying 2 skills, drained
A: reduced essence, horns 3, icy blue scales 3, demonic guardian 3, robust 3,
magic shield, magic regeneration, magic link, agile 1, high MP 1, passive freeze
0: Orb of Zot
}: 4/15 runes: barnacled, slimy, silver, gossamer
a: Renounce Religion, Recall Ancestor, Ancestor Identity, Transference, Idealise


You escaped.
You worshipped Hepliaklqana.
Hepliaklqana was extremely pleased with you.
You visited 11 branches of the dungeon, and saw 55 of its levels.
You visited 1 ziggurat, and saw 9 of its levels.
You also visited: Trove, Sewer, Wizlab and Desolation.

You collected 11226 gold pieces.
You spent 4380 gold pieces at shops.

Inventory:

Hand Weapons
 U - the +3 falchion "Gaureath" (weapon) {heavy, rPois Will+++ Str+3 Dex-5}
   (You found it on level 2 of the Spider Nest)

   Str:       It affects your strength (+3).
   Dex:       It affects your dexterity (-5).
   rPois:     It protects you from poison.
   Will:      It greatly increases your willpower.
Missiles
 C - 7 throwing nets
 O - 4 curare-tipped darts
 Y - 3 silver javelins
Armour
 a - a +4 troll leather armour (worn)
 h - a +2 cloak of stealth (worn)
 v - a +2 buckler (worn)
 F - a +2 pair of boots of flying (worn)
 Q - a +2 pair of gloves (worn)
Jewellery
 l - a ring of resist corrosion
 n - the ring of Aptoep {MP+9 Dex+2}
   (You found it on level 1 of the Spider Nest)

   [ring of magical power]

   Dex:       It affects your dexterity (+2).
   MP:        It affects your magic capacity (+9).
 q - the ring of Lima {Fire +Blink rN++ Will- Int+3}
   (You found it on level 2 of a ziggurat)

   [ring of fire]

   It enhances your fire magic.
   Int:       It affects your intelligence (+3).
   rF:        It protects you from fire.
   rC:        It makes you vulnerable to cold.
   rN:        It greatly protects you from negative energy.
   +Blink:    It lets you blink.
   Will:      It decreases your willpower.
 B - an amulet of regeneration (around neck)
 L - a ring of protection from fire (left hand)
 V - a ring of see invisible (right hand)
 W - a ring of wizardry
Wands
 j - a wand of charming (51)
 m - a wand of mindburst (6)
 A - a wand of acid (14)
 J - a wand of digging (8)
 N - a wand of polymorph (36)
 S - a wand of roots (40)
Scrolls
 e - 7 scrolls of amnesia
 g - 5 scrolls of fear
 i - 12 scrolls of vulnerability
 o - a scroll of magic mapping
 y - 17 scrolls of fog
 E - 6 scrolls of immolation
 I - 9 scrolls of poison
 K - a scroll of enchant armour
 M - 4 scrolls of silence
 T - 13 scrolls of torment
 X - 20 scrolls of teleportation
 Z - 2 scrolls of summoning
Potions
 b - 7 potions of invisibility
 c - 18 potions of curing
 d - 14 potions of resistance
 f - 7 potions of ambrosia
 p - 5 potions of mutation
 r - 16 potions of brilliance
 t - 7 potions of might
 w - 9 potions of haste
 x - 3 potions of cancellation
 z - 4 potions of magic
 G - 11 potions of lignification
 P - 2 potions of heal wounds
Miscellaneous
 k - a condenser vane
 s - a phial of floods
 u - a phantom mirror
 D - a tin of tremorstones (2/2)
 H - a lightning rod (4/4)
 R - a box of beasts


   Skills:
 - Level 15.0 Fighting
 - Level 10.0 Short Blades
 - Level 2.0 Throwing
 - Level 1.6 Armour
 - Level 15.0 Dodging
 - Level 2.0 Stealth
 - Level 18.6 Shields
 - Level 15.0 Unarmed Combat
 + Level 13.6 Spellcasting
 - Level 10.0 Conjurations
 - Level 7.0 Necromancy
 - Level 10.0 Translocations
 - Level 15.0 Transmutations
 - Level 7.0 Fire Magic
 - Level 20.0 Air Magic
 - Level 8.0 Earth Magic
 - Level 5.0 Poison Magic
 - Level 12.0 Invocations
 - Level 14.4 Evocations


You had 5 spell levels left.
You knew the following spells:

 Your Spells              Type           Power      Damage    Failure   Level
a - Foxfire               Conj/Fire      100%       2x1d9     1%          1
b - Scorch                Fire           100%       2d10      1%          2
c - Maxwell's Capacitive  Air            44%        ∞         9%          8
d - Blink                 Tloc           100%       N/A       1%          2
e - Sublimation of Blood  Necr           52%        N/A       1%          2
f - Mephitic Cloud        Conj/Pois/Air  68%        N/A       1%          3
g - Irradiate             Conj/Tmut      35%        3d23      1%          5
h - Borgnjor's Vile Clut  Necr/Erth      27%        N/A       6%          5
i - Apportation           Tloc           100%       N/A       1%          1
j - Petrify               Tmut/Erth      67%        N/A       1%          4
k - Storm Form            Tmut/Air       41%        N/A       3%          7
l - Passage of Golubria   Tloc           63%        N/A       1%          4
m - Manifold Assault      Tloc           63%        N/A       1%          4

Your spell library contained the following spells:

 Spells                   Type           Power      Damage    Failure   Level
 Beastly Appendage        Tmut           100%       N/A       0%          1
 Shock                    Conj/Air       100%       1d9       0%          1
 Wereblood                Tmut           77%        N/A       0%          2
 Swiftness                Air            89%        N/A       0%          3
 Airstrike                Air            44%        2d(7-23)  0%          4
 Magic Dart               Conj           100%       1d8       1%          1
 Sandblast                Erth           100%       2d20      1%          1
 Cigotuvi's Dreadful Rot  Necr/Pois/Air  100%       N/A       1%          2
 Lesser Beckoning         Tloc           100%       N/A       1%          2
 Momentum Strike          Conj/Tloc      100%       3d10      1%          2
 Passwall                 Tmut/Erth      55%        N/A       1%          2
 Poisonous Vapours        Pois/Air       100%       N/A       1%          2
 Searing Ray              Conj           100%       2d8       1%          2
 Gell's Gravitas          Tloc           63%        N/A       1%          3
 Hailstorm                Conj/Ice       43%        3d10      1%          3
 Ignite Poison            Fire/Tmut/Pois 59%        N/A       1%          3
 Kindle Blastsparks       Fire/Tloc/Air  100%       2d18      1%          3
 Portal Projectile        Hex/Tloc       86%        N/A       1%          3
 Spider Form              Tmut/Pois      63%        N/A       1%          3
 Teleport Other           Tloc           63%        N/A       1%          3
 Vampiric Draining        Necr           52%        2d9       1%          3
 Flame Wave               Conj/Fire      58%        2d14      1%          4
 Ice Form                 Ice/Tmut       54%        N/A       1%          4
 Sticky Flame             Conj/Fire      58%        2d7       1%          4
 Summon Lightning Spire   Summ/Air       63%        N/A       1%          4
 Alistair's Intoxication  Tmut/Pois      42%        N/A       1%          5
 Blade Hands              Tmut           38%        N/A       1%          5
 Freezing Cloud           Conj/Ice/Air   31%        6-21      1%          5
 Iskenderun's Battlesphe  Conj           63%        2d11      1%          5
 Silence                  Hex/Air        31%        N/A       1%          5
 Inner Flame              Hex/Fire       35%        N/A       3%          3
 Freeze                   Ice            68%        1d8       4%          1
 Slow                     Hex            68%        N/A       4%          1
 Summon Small Mammal      Summ           68%        N/A       4%          1
 Lee's Rapid Deconstruct  Erth           28%        3d15*     4%          5
 Fulminant Prism          Conj/Hex       21%        3d12      6%          4
 Call Imp                 Summ           17%        N/A       7%          2
 Ensorcelled Hibernation  Hex/Ice        34%        N/A       7%          2
 Animate Armour           Summ/Erth      76%        N/A       9%          4
 Leda's Liquefaction      Hex/Erth       19%        N/A       9%          4
 Anguish                  Hex/Necr       17%        N/A       11%         4
 Call Canine Familiar     Summ           17%        N/A       14%         3
 Confusing Touch          Hex            17%        N/A       14%         3
 Frozen Ramparts          Ice            34%        1d6       14%         3
 Ozocubu's Armour         Ice            17%        N/A       14%         3
 Summon Guardian Golem    Hex/Summ       17%        N/A       14%         3
 Tukima's Dance           Hex            17%        N/A       14%         3
 Cause Fear               Hex            8%         N/A       41%         4
 Summon Ice Beast         Ice/Summ       17%        N/A       41%         4
 Metabolic Englaciation   Hex/Ice        8%         N/A       77%         5
 Statue Form              Tmut/Erth      44%        N/A       6%          6
 Dragon Form              Tmut           38%        N/A       9%          7
 Dispersal                Tloc           31%        N/A       12%         6
 Eringya's Noxious Bog    Tmut/Pois      31%        N/A       12%         6
 Iron Shot                Conj/Erth      29%        9d6       17%         6
 Orb of Destruction       Conj           31%        9d10      54%         7
 Simulacrum               Ice/Necr       17%        N/A       86%         6
 Necromutation            Tmut/Necr      33%        N/A       97%         8
 Malign Gateway           Summ/Tloc      21%        N/A       99%         7
 Spellforged Servitor     Conj/Summ      21%        N/A       99%         7
 Disjunction              Tloc           31%        N/A       99%         8
 Summon Cactus Giant      Summ           8%         N/A       100%        6
 Enfeeble                 Hex            8%         N/A       100%        7
 Borgnjor's Revivificati  Necr           26%        N/A       100%        8
 Discord                  Hex            8%         N/A       100%        8
 Ignition                 Fire           26%        3d9       100%        8
 Infestation              Necr           26%        N/A       100%        8
 Lehudib's Crystal Spear  Conj/Erth      29%        10d8      100%        8
 Summon Horrible Things   Summ           8%         N/A       100%        8
 Chain Lightning          Conj/Air       38%        3d51      100%        9
 Death's Door             Necr           26%        N/A       100%        9
 Dragon's Call            Summ           8%         N/A       100%        9
 Fire Storm               Conj/Fire      29%        8d7       100%        9
 Shatter                  Erth           28%        3d23*     100%        9


Dungeon Overview and Level Annotations

Branches:
Dungeon (15/15)            Temple (0/1) D:7            Lair (5/5) D:11
 Shoals (4/4) Lair:3       Spider (4/4) Lair:2        Slime (5/5) Lair:4
    Orc (2/2) D:12            Elf (3/3) Orc:2        Vaults (5/5) D:14
  Crypt (3/3) Vaults:3       Tomb (0/3) Crypt:3      Depths (4/4) D:15
    Zot (5/5) Depths:4      Sewer (visited)          WizLab (visited)
Desolation (visited)

Altars:
Cheibriados
Dithmenos
Fedhas
Gozag
Hepliaklqana
Makhleb
Nemelex Xobeh
Ru
Sif Muna
Vehumet
Wu Jian
Xom
Yredelemnul
Jiyva
Lugonu

Shops:
D:7 (*   Orc:2 ([=[   Elf:1 [[:!   Elf:3 *   Vaults:3 [   Depths:1 ?[***
Depths:2 ?   Depths:3 ((!   Depths:4 :

Portals:
Hell: Depths:1 Depths:2 Depths:3 Depths:4
Abyss: Depths:3
Pandemonium: Depths:2

Annotations:
Elf:2 5 runed translucent doors
Elf:3 1 exclusion
Vaults:3 36 runed doors, 1 exclusion
Vaults:4 36 runed doors, 1 exclusion
Zot:3 4 transporters
Zot:5 6 transporters, 3 exclusions


Innate Abilities, Weirdness & Mutations

Your life essence is reduced to manifest your ancestor. (-10% HP)
You have a pair of large horns on your head.
You are completely covered in icy blue scales. (AC +4, rC+)
A powerful demonic guardian rushes to your aid.
You are extremely robust. (+30% HP)
When hurt, damage is shared between your health and your magic reserves.
You regenerate magic rapidly.
When low on magic, you restore magic in place of health.
You are agile. (Dex +4, Str/Int -1)
You have an increased reservoir of magic. (+10% MP)
A frigid envelope surrounds you and freezes all who hurt you.


Message History

* * * LOW HITPOINT WARNING * * *
The Tzitzimitl drains your vigour!
You feel yourself slow down.
The Tzitzimitl resists.
The Tzitzimitl is very cold.
The Tzitzimitl is lightly wounded.
You block the Tzitzimitl's attack.
Your Brimstone Fiend hits the Tzitzimitl!
Your Brimstone Fiend hits the Tzitzimitl. x2
You feel charge building up...
The Tzitzimitl engulfs you but does no damage.
The Tzitzimitl resists.
The Tzitzimitl is very cold.
The Tzitzimitl is lightly wounded.
The Tzitzimitl bites you but does no damage.
Your Brimstone Fiend hits the Tzitzimitl!
Your Brimstone Fiend hits the Tzitzimitl but does no damage.
Your Brimstone Fiend hits the Tzitzimitl.
The electricity discharges through the Tzitzimitl!
The Tzitzimitl vaporises in an electric haze!
You kill the Tzitzimitl!
Your magical effects are unravelling.
You feel magically purged.
You feel less wooden.
Your +2 cloak of stealth unmelds from your body.
Your +2 pair of gloves unmelds from your body.
Your +2 pair of boots of flying unmelds from your body.
Your +4 troll leather armour unmelds from your body.
You feel stealthy.
You fly up into the air.
You feel yourself speed up.
You see here a +0 dagger.
There is an open door here.
Aiming: Dig
Press: ? - help, Shift-Dir - straight line A rock wall.
This square is covered in magical glow.
The rock shatters into small pieces.
Your Brimstone Fiend disappears in a puff of smoke!
Your magical contamination has completely faded away.
There is a staircase leading out of the dungeon here.
Guana is recalled.
You have escaped!

################ #....
#.......'......# #.###
#.......#......# #.###
#.).....#......# #.#..
#...########...########..h#
#...#...'..#...#.......#†.#
#...#...#..#...##..###.#.##
#...#...##'###'###'# #.#.##
#'###'####@R...#...# #.#.##
####...#....###...#...# #.#.##
#..#...#....#.....#...# #.#.##
#..#...#....#.....#...# #....#
#..#...#....'.........# ##....
#..#...############...# #..#.
#..#........#.........# #....
#..#........#.........####....
#†.#........'.........'.##...)


You could see the friendly Guana the knight (reflecting).

Vanquished Creatures
  the Royal Jelly (Slime:5)
  A dread lich (Vaults:5)
  Mennas (Depths:4)
  2 orbs of fire (Zot:5)
  An ancient lich (Vaults:5)
  Vv (Zot:3)
  Bai Suzhen (Shoals:3)
  5 Killer Klowns
  2 curse toes
  4 golden dragons
  A bone dragon (Crypt:3)
  2 Tzitzimimeh
  An electric golem (Zot:2)
  2 hellephants
  20 tentacled monstrosities
  15 Orb Guardians
  An Ice Fiend (Zig:8)
  6 titans (Vaults:5)
  9 acid blobs
  4 liches
  A deep elf master archer (Elf:3)
  An Executioner (D:14)
  9 quicksilver dragons
  3 ancient champions
  Kirke (Shoals:1)
  4 death cobs
  5 storm dragons
  3 sphinxes
  6 tengu reavers
  A revenant (Crypt:1)
  10 shadow dragons
  2 draconian monks
  11 azure jellies
  4 fire giants
  5 emperor scorpions
  7 draconian knights
  2 frost giants
  3 deep elf sorcerers
  12 rockslimes
  5 vault wardens (Vaults:5)
  5 ghost moths
  2 iron dragons
  3 curse skulls
  5 draconian scorchers
  An orc warlord (Zig:4)
  2 balrugs
  An imperial myrmidon (Desolation)
  A draconian shifter (Zot:1)
  A quicksilver ooze (shapeshifter) (Vaults:5)
  2 ghouls (Crypt:2)
  2 draconian stormcallers
  2 deep elf elementalists (Elf:3)
  A broodmother (shapeshifter) (Depths:2)
  12 ironbound preservers
  2 draconian annihilators (Zot:1)
  12 quicksilver oozes
  3 war gargoyles
  16 very ugly things
  A spriggan defender (Vaults:4)
  3 ironbound thunderhulks
  7 stone giants
  A juggernaut skeleton (Crypt:1)
  6 broodmothers
  9 green draconians
  4 deep elf annihilators
  6 vampire knights
  A yellow draconian (shapeshifter) (Zot:3)
  11 black draconians
  3 halazid warlocks (Desolation)
  A lorocyproca (Zot:3)
  2 spark wasps
  A spectral hellephant (Crypt:1)
  7 dire elephants
  A deep elf demonologist (Elf:3)
  9 white draconians
  7 purple draconians
  8 yellow draconians
  A minotaur (Shoals:4)
  4 ettins
  6 red draconians
  An acid blob zombie (Crypt:3)
  3 fire dragons
  2 deep elf death magi (Crypt:1)
  A merfolk impaler (Shoals:4)
  4 eidola
  2 merfolk javelineers
  2 deep elf high priests (Elf:3)
  11 great orbs of eyes
  7 entropy weavers
  3 ragged hierophants (Desolation)
  5 yaktaur captains
  4 rakshasas
  The ghost of timneilson the Blocker, a journeyman GrFi of Okawaru (D:11)
  3 ice dragons
  2 servants of whispers (Desolation)
  10 vault guards (Vaults:5)
  4 hydras
  8 peacekeepers
  A caustic shrike simulacrum (Zig:8)
  5 centaur warriors
  5 radroaches
  A jorogumo (Spider:1)
  An ogre mage (D:14)
  A death knight (D:14)
  3 ironbound frosthearts
  6 boulder beetles
  A fenstrider witch skeleton (Crypt:3)
  7 dancing weapons
  An alligator (Lair:5)
  An alligator snapping turtle (Shoals:2)
  A jorogumo (shapeshifter) (Vaults:5)
  6 satyrs (Shoals:4)
  A tengu warrior (D:15)
  4 vampire magi
  8 death yaks
  2 spriggan berserkers (Depths:4)
  4 deep troll earth magi
  A titan zombie (Depths:1)
  2 orc high priests (Orc:2)
  2 hell hogs (Depths:4)
  A deep troll shaman (Depths:2)
  A death scarab (Spider:1)
  2 two-headed ogres
  4 skysharks
  2 hell knights (Depths:4)
  5 deep elf knights
  A soul eater (Crypt:1)
  2 sun demons (D:11)
  4 iron trolls
  6 skeletal warriors (Crypt:3)
  A fire crab (D:13)
  An iron troll (shapeshifter) (Zot:3)
  A spriggan (Depths:4)
  3 sun moths
  7 pharaoh ants
  6 sea snakes
  7 orb spiders
  4 flayed ghosts
  31 deep trolls
  4 glowing orange brains
  5 deep elf archers
  A deep troll (shapeshifter) (Depths:4)
  7 ironbound convokers
  3 steelbarb worms
  23 harpies
  An anaconda skeleton (Crypt:1)
  A lindwurm (Vaults:1)
  6 orc knights
  3 wizards
  11 deep elf pyromancers
  6 phantasmal warriors
  2 necromancers
  10 deep elf zephyrmancers
  11 wolf spiders
  Pikel (D:8)
  2 shining eyes
  A frost giant zombie (Depths:3)
  A wolf spider zombie (Crypt:2)
  3 orc sorcerers
  11 ugly things
  A salamander (Depths:2)
  8 manticores
  10 fauns
  20 moths of wrath
  7 cyclopes
  Maurice (D:11)
  9 demonic crawlers
  A jorogumo skeleton (Crypt:2)
  5 torpor snails
  4 merfolk sirens
  6 elephants
  5 guardian serpents
  4 black mambas
  6 vault sentinels
  An eye of devastation (Slime:4)
  A fire giant skeleton (Depths:3)
  7 cane toads
  An apocalypse crab (Zot:3)
  10 water nymphs
  A large abomination (Depths:3)
  An unseen horror zombie (Crypt:3)
  3 rime drakes
  6 komodo dragons
  5 unseen horrors
  A freezing wraith (Vaults:5)
  12 yaktaurs
  A swamp worm zombie (Crypt:2)
  A tormentor (D:10)
  5 tengu conjurers
  A guardian mummy (WizLab)
  2 harpy zombies
  A meliai (Spider:4)
  5 polar bears
  11 merfolk
  A hellwing (D:5)
  4 trolls
  2 hornets
  2 wind drakes
  14 tarantellas
  3 raiju (Zot:3)
  21 saltlings
  22 blink frogs
  4 snapping turtles
  An iron dragon simulacrum (Zig:8)
  60 slime creatures
  An ettin zombie (Depths:1)
  20 jumping spiders
  5 flying skulls
  18 culicivoras
  A vampire (D:12)
  2 air elementals
  2 wyverns (Lair:4)
  10 water elementals
  3 centaur simulacra (D:10)
  An ettin skeleton (Crypt:3)
  A culicivora (shapeshifter) (Vaults:5)
  2 unseen horror simulacra (D:10)
  3 wraiths
  A fire dragon skeleton (Crypt:3)
  22 yaks
  3 golden eyes (Slime:5)
  2 chaos spawn
  A fire elemental (Elf:2)
  42 redbacks
  3 basilisks
  An ice dragon skeleton (Crypt:2)
  2 hogs (Shoals:1)
  3 vampire mosquitoes (D:10)
  A neqoxec (Depths:1)
  4 wargs
  A two-headed ogre zombie (Crypt:3)
  13 water moccasins
  31 orc warriors
  2 manticore zombies (Shoals:3)
  3 small abominations (Depths:3)
  4 ice beasts
  6 ogres
  3 boggarts (Zot:3)
  32 wolves
  10 centaurs
  An ogre (shapeshifter) (Vaults:5)
  2 elephant skeletons (Crypt:1)
  A blink frog skeleton (Crypt:2)
  2 lemures (D:8)
  A phantom (D:4)
  A gnoll sergeant (D:8)
  7 bullfrogs
  A glowing shapeshifter simulacrum (Depths:3)
  2 necrophages
  3 scorpions
  A wyvern skeleton (Crypt:2)
  A knight (D:10)
  9 wights
  3 killer bees (D:8)
  An electric eel (D:10)
  2 howler monkeys
  A wolf skeleton (Crypt:3)
  4 hounds
  A bullfrog skeleton (Crypt:2)
  9 orc priests
  A jelly (D:7)
  A basilisk skeleton (Crypt:1)
  4 iguanas
  21 orc wizards
  5 hell rats
  A deep dwarf skeleton (Crypt:3)
  A howler monkey skeleton (Crypt:2)
  Robin (D:3)
  9 gnolls
  A river rat (D:4)
  9 adders
  A shadow imp (D:7)
  5 white imps
  A howler monkey simulacrum (D:10)
  5 ufetubi (D:10)
  4 worms
  A dart slug (D:1)
  76 orcs
  8 bats
  5 endoplasms
  3 giant cockroaches
  20 goblins
  8 hobgoblins
  5 jackals
  20 kobolds
  3 quokkas
  19 ball pythons
  A ball python skeleton (Crypt:3)
  7 frilled lizards
  A jackal zombie (Crypt:2)
  5 rats (D:1)
  2 tentacles (Shoals:1)
1549 creatures vanquished.

Vanquished Creatures (collateral kills)
  An ancient lich (Zot:5)
  Mara (Shoals:4)
  Margery (Depths:4)
  Saint Roka (Orc:2)
  2 curse toes
  Jory (Vaults:2)
  An electric golem (Zot:5)
  A doom hound (Crypt:1)
  Rupert (D:12)
  5 tentacled monstrosities
  Zenata (Vaults:2)
  2 liches
  7 Orb Guardians (Zot:5)
  A deep elf blademaster (Elf:3)
  10 acid blobs
  2 titans (Vaults:5)
  2 quicksilver dragons
  A death cob (Zot:1)
  A deep elf master archer (Elf:3)
  A kraken (Shoals:1)
  2 ancient champions
  Gastronok (D:9)
  7 sphinxes
  A storm dragon (Zot:1)
  A shadow dragon (shapeshifter) (Vaults:5)
  5 shadow dragons
  7 draconian knights
  2 revenants
  7 rockslimes
  4 tengu reavers
  4 draconian monks
  A fire giant (Vaults:5)
  3 emperor scorpions (Spider:4)
  14 azure jellies
  2 imperial myrmidons (Desolation)
  Aizul (Spider:2)
  8 deep elf sorcerers
  12 vault wardens
  3 draconian scorchers
  An angel (Depths:1)
  An iron dragon (Vaults:5)
  4 ghost moths
  4 frost giants
  4 deep elf elementalists (Elf:3)
  8 ironbound preservers
  A draconian stormcaller (Depths:4)
  A spriggan defender (Vaults:4)
  A juggernaut zombie (Crypt:1)
  12 quicksilver oozes
  4 orc warlords
  7 draconian annihilators
  A war gargoyle (Vaults:5)
  10 very ugly things
  7 stone giants
  3 ironbound thunderhulks
  2 broodmothers (Spider:4)
  A caustic shrike skeleton (Depths:3)
  5 green draconians
  19 dire elephants
  A lorocyproca (Zot:3)
  A spectral hellephant (Crypt:1)
  2 minotaurs (Shoals:4)
  A black draconian (Zot:5)
  3 purple draconians
  4 deep elf demonologists
  5 deep elf annihilators
  4 white draconians
  10 yellow draconians
  The ghost of Jogov the Destroyer, a journeyman DgHW (D:14)
  8 red draconians
  5 ettins
  5 deep elf death magi (Elf:3)
  2 merfolk impalers
  2 crystal guardians
  A jiangshi (Crypt:1)
  2 fire dragons
  5 entropy weavers
  11 yaktaur captains
  12 great orbs of eyes
  3 rakshasas
  2 deep elf high priests
  4 ragged hierophants (Desolation)
  6 ice dragons
  4 peacekeepers
  2 hydras
  A quicksilver dragon skeleton (Depths:1)
  20 vault guards
  6 servants of whispers (Desolation)
  A ghost crab (Zig:9)
  6 centaur warriors
  3 catoblepae (Lair:5)
  6 ironbound frosthearts
  2 ogre magi
  3 merfolk avatars
  A radroach (Spider:1)
  3 two-headed ogres
  2 alligator snapping turtles (Shoals:2)
  A fenstrider witch skeleton (Crypt:3)
  4 boulder beetles
  2 dancing weapons
  3 satyrs (Shoals:4)
  6 hell hogs (Depths:4)
  2 deep troll shamans
  2 death yaks
  An orc high priest (Elf:1)
  2 deep troll earth magi (Depths:1)
  2 spriggan berserkers (Depths:4)
  2 spectral elves (Crypt:1)
  2 sun demons (D:11)
  7 deep elf knights
  A soul eater (Zig:9)
  3 hell knights
  2 skysharks
  3 sea snakes
  6 skeletal warriors
  3 pharaoh ants
  42 deep trolls
  2 flayed ghosts
  10 orb spiders
  5 wizards
  3 glowing orange brains
  11 deep elf archers
  14 deep elf zephyrmancers
  21 harpies
  4 ironbound convokers
  9 orc knights
  16 deep elf pyromancers
  3 steelbarb worms
  7 lindwurms
  4 phantasmal warriors
  A frost giant zombie (Depths:1)
  19 ugly things
  3 necromancers
  A mana viper (shapeshifter) (Vaults:3)
  2 stone giant zombies (Depths:1)
  An iron dragon zombie (Depths:1)
  8 moths of wrath
  A fire giant zombie (Depths:1)
  A shining eye (Slime:1)
  3 manticores (Shoals:1)
  9 fauns
  A manticore (shapeshifter) (Vaults:5)
  7 cyclopes
  4 merfolk sirens
  10 wolf spiders
  4 guardian serpents
  7 vault sentinels
  9 elephants
  3 demonic crawlers
  A guardian serpent (shapeshifter) (Elf:2)
  A gargoyle (D:13)
  A cane toad (shapeshifter) (Elf:2)
  2 black mambas
  A naga zombie (Crypt:1)
  An eye of devastation (Slime:5)
  An unseen horror (shapeshifter) (Elf:2)
  3 torpor snails
  4 cane toads
  5 unseen horrors
  2 freezing wraiths
  2 rime drakes
  An iron troll zombie (Crypt:3)
  4 komodo dragons
  2 harpy zombies (Shoals:3)
  An alligator snapping turtle skeleton (Crypt:1)
  28 yaktaurs
  6 merfolk
  2 trolls
  A meliai (shapeshifter) (Vaults:5)
  2 polar bears
  A purple draconian skeleton (Crypt:1)
  3 spriggan zombies
  5 wind drakes
  36 saltlings (Desolation)
  5 snapping turtles
  5 blink frogs
  An ice dragon zombie (Crypt:1)
  17 tarantellas
  A raiju (Zot:3)
  32 slime creatures
  A frost giant simulacrum (Depths:1)
  10 jumping spiders
  11 culicivoras
  A centaur simulacrum (D:10)
  3 flying skulls
  An air elemental (Elf:3)
  2 hogs (Shoals:1)
  2 wraiths
  16 yaks
  6 water elementals
  A shadow (D:11)
  A basilisk (D:13)
  A golden eye (Slime:5)
  3 fire elementals
  25 redbacks
  A vampire mosquito (D:10)
  A chaos spawn (Depths:3)
  3 wargs
  A small abomination (Depths:3)
  A naga (shapeshifter) (Elf:1)
  3 water moccasins
  A floating eye (Slime:5)
  A manticore zombie (Shoals:3)
  24 orc warriors
  A black bear (D:6)
  11 wolves
  4 ogres
  6 boggarts
  3 large abominations
  6 centaurs
  2 bullfrogs
  2 gnoll sergeants
  An elf zombie (Crypt:1)
  A scorpion (D:6)
  A necrophage (Crypt:2)
  2 earth elementals
  5 wights
  A killer bee (D:8)
  A howler monkey (D:6)
  A wolf skeleton (Crypt:1)
  15 orc priests
  9 orc wizards
  A hell rat (Lair:5)
  2 gnolls
  36 orcs
  A butterfly (Zot:3)
  34 foxfires
  3 tentacles (Shoals:1)
1129 creatures vanquished.

Vanquished Creatures (others)
  A shadow dragon (Zig:9)
  A draconian knight (Zot:3)
  A vault warden (Vaults:3)
  A demonspawn black sun (Zig:9)
  A stone giant (Vaults:5)
  A very ugly thing (Depths:1)
  2 eidola (Zig:9)
  A deep elf death mage (Vaults:5)
  A ragged hierophant (Desolation)
  A ghost crab (Zig:9)
  A deep elf knight (Elf:1)
  An orb spider (Spider:4)
  A deep elf archer (Elf:3)
  A deep elf pyromancer (Elf:3)
  An ironbound convoker (Vaults:3)
  A yaktaur (Vaults:2)
  A tengu conjurer (Depths:2)
  A centaur (D:14)
  41 knights
  3 ancestors
  A bush (Lair:3)
  1424 foxfires
  46 fungi
  152 plants
  13 tentacles (Shoals:1)
1699 creatures vanquished.

Grand Total: 4377 creatures vanquished

Notes
Turn   | Place    | Note
-------+----------+-------------------------------------------
     0 | D:1      | themarg the Demonspawn Fire Elementalist began the quest
                  | for the Orb.
     0 | D:1      | Reached XP level 1. HP: 13/13 MP: 3/3
   343 | D:1      | Gained mutation: You have a pair of small horns on your
                  | head. [demonic ancestry]
   343 | D:1      | Reached XP level 2. HP: 19/19 MP: 1/5
   478 | D:1      | Learned a level 2 spell: Scorch
  1035 | D:1      | Reached XP level 3. HP: 24/24 MP: 3/6
  1575 | D:2      | Gained mutation: You regenerate magic rapidly. [demonic
                  | ancestry]
  1575 | D:2      | Reached XP level 4. HP: 27/30 MP: 0/7
  2485 | D:3      | Found a sacrificial altar of Ru.
  2512 | D:3      | Gained mutation: You have a pair of horns on your head.
                  | [demonic ancestry]
  2512 | D:3      | Reached XP level 5. HP: 35/35 MP: 3/8
  2718 | D:3      | Reached skill level 5 in Fire Magic
  3062 | D:3      | Found a shimmering blue altar of Sif Muna.
  3437 | D:3      | Reached skill level 1 in Fighting
  3495 | D:3      | Noticed Robin
  3500 | D:3      | Killed Robin
  3840 | D:4      | Found a large runed translucent door.
  3841 | D:4      | Found a large runed translucent door.
  3866 | D:4      | Found a glowing drain.
  3874 | D:4      | Noticed a phantom
  3875 | D:4      | Found a shadowy altar of Dithmenos.
  3879 | Sewer    | Entered a sewer
  4121 | Sewer    | Reached XP level 6. HP: 47/47 MP: 6/9
  4473 | D:4      | Identified the +6 falchion "Jynos" {heavy, rElec rC+ Str+3
                  | SInv}
  4522 | D:4      | Found a hazy altar of Hepliaklqana.
  4532 | D:4      | Became a worshipper of Hepliaklqana the Forgotten
  4777 | D:4      | Identified the +0 chain mail of Syndicalism {Harm rCorr}
  4968 | D:4      | Found a basalt altar of Yredelemnul.
  4987 | D:4      | Found a radiant altar of Vehumet.
  5051 | D:5      | Entered Level 5 of the Dungeon
  5156 | D:5      | Gained mutation: You are partially covered in icy blue
                  | scales. (AC +2) [demonic ancestry]
  5156 | D:5      | Reached XP level 7. HP: 54/54 MP: 5/12
  5335 | D:5      | Reached * piety under Hepliaklqana
  5945 | D:6      | Reached skill level 5 in Fighting
  6084 | D:6      | Reached skill level 5 in Spellcasting
  6239 | D:6      | Gained mutation: You have a pair of large horns on your
                  | head. [demonic ancestry]
  6239 | D:6      | Reached XP level 8. HP: 55/55 MP: 6/17
  6381 | D:6      | Noticed a hornet
  6432 | D:6      | Killed a hornet
  7045 | D:7      | Reached ** piety under Hepliaklqana
  7046 | D:7      | Remembered your ancestor Guana as a knight
  7059 | D:7      | Reached XP level 9. HP: 53/61 MP: 15/21
  7081 | D:7      | Learned a level 4 spell: Flame Wave
  7299 | D:7      | Found Dofad's Antique Weapon Boutique.
  7381 | D:7      | Found Eraufid's Serpentskin Sales.
  7397 | D:7      | Bought a scroll of poison for 56 gold pieces
  7421 | D:7      | Found a staircase to the Ecumenical Temple.
  7442 | D:7      | Reached skill level 5 in Conjurations
  7704 | D:8      | Found a sparkling altar of Nemelex Xobeh.
  7719 | D:8      | Noticed a two-headed ogre
  7727 | D:8      | Killed a two-headed ogre
  7988 | D:8      | Noticed Pikel
  8009 | D:8      | Killed Pikel
  8010 | D:8      | Reached skill level 5 in Translocations
  8013 | D:8      | Learned a level 2 spell: Blink
  8273 | D:8      | Gained mutation: When hurt, damage is shared between your
                  | health and your magic reserves. [demonic ancestry]
  8273 | D:8      | Reached XP level 10. HP: 66/66 MP: 13/22
  8337 | D:8      | Reached skill level 5 in Invocations
  8981 | D:9      | Noticed Gastronok
  9035 | D:9      | Killed Gastronok
  9549 | D:9      | Reached *** piety under Hepliaklqana
  9653 | D:10     | Entered Level 10 of the Dungeon
  9731 | D:10     | Found a burning altar of Makhleb.
  9736 | D:10     | Reached skill level 10 in Invocations
  9821 | D:10     | Reached XP level 11. HP: 71/71 MP: 15/23
  9980 | D:10     | Found a blossoming altar of Fedhas.
 10134 | D:10     | Reached skill level 1 in Necromancy
 10259 | D:10     | Found a runed translucent door.
 10266 | D:10     | Noticed a deep troll
 10616 | D:10     | Noticed a centaur warrior
 10720 | D:11     | Noticed Maurice
 10732 | D:11     | Killed Maurice
 10821 | D:11     | Reached skill level 5 in Necromancy
 10933 | D:11     | Learned a level 2 spell: Sublimation of Blood
 10939 | D:11     | Noticed a death yak
 10981 | D:11     | Found a runed translucent door.
 10983 | D:11     | Noticed timneilson's ghost (journeyman GrFi)
 11024 | D:11     | Reached **** piety under Hepliaklqana
 11281 | D:11     | Noticed a death yak
 11281 | D:11     | Noticed a death yak
 11281 | D:11     | Noticed a death yak
 11407 | D:11     | Found a staircase to the Lair.
 11417 | D:11     | Noticed a death yak
 11423 | Lair:1   | Entered Level 1 of the Lair of Beasts
 11527 | Lair:1   | Noticed a four-headed hydra
 11538 | Lair:1   | Killed a four-headed hydra
 11587 | Lair:1   | Reached skill level 1 in Transmutations
 11659 | Lair:1   | You fall into a shaft and drop 1 floor!
 12044 | Lair:1   | Reached XP level 12. HP: 84/84 MP: 19/24
 12176 | Lair:1   | Learned a level 3 spell: Mephitic Cloud
 12182 | Lair:1   | Learned a level 5 spell: Irradiate
 13037 | Lair:2   | Reached skill level 1 in Air Magic
 13037 | Lair:2   | Reached skill level 1 in Poison Magic
 13221 | Lair:2   | Found a hole to the Spider Nest.
 13255 | Lair:2   | Noticed a four-headed hydra
 13262 | Lair:2   | Killed a four-headed hydra
 13263 | Lair:2   | Reached skill level 2 in Air Magic
 13511 | Lair:2   | Reached skill level 3 in Air Magic
 13643 | Lair:2   | Reached skill level 10 in Fighting
 14060 | Lair:3   | Reached skill level 5 in Dodging
 14231 | Lair:3   | Found a staircase to the Shoals.
 14355 | Lair:3   | Noticed a boulder beetle
 14364 | Lair:3   | Killed a boulder beetle
 14365 | Lair:3   | Reached skill level 5 in Evocations
 14365 | Lair:3   | Reached skill level 1 in Short Blades
 14369 | Lair:3   | Noticed a six-headed hydra
 14527 | Lair:3   | Killed a six-headed hydra
 15379 | Lair:4   | Reached skill level 5 in Short Blades
 15379 | Lair:4   | Gained mutation: You are mostly covered in icy blue scales.
                  | (AC +3) [demonic ancestry]
 15379 | Lair:4   | Reached XP level 13. HP: 86/92 MP: 11/25
 15914 | Lair:4   | Found a staircase to the Slime Pits.
 15925 | Lair:4   | Reached skill level 5 in Transmutations
 16537 | Lair:5   | Entered Level 5 of the Lair of Beasts
 17772 | Lair:5   | Gained mutation: A weak demonic guardian rushes to your
                  | aid. [demonic ancestry]
 17772 | Lair:5   | Reached XP level 14. HP: 94/99 MP: 5/27
 17995 | Lair:5   | Reached skill level 4 in Air Magic
 18613 | Lair:5   | Reached skill level 5 in Air Magic
 18670 | Lair:5   | Reached skill level 5 in Poison Magic
 18795 | Lair:5   | Identified the +3 leather armour of Discretion {Contam
                  | rF+++ Str+2}
 19217 | D:11     | Identified the +0 ring mail of Sex Ita {rN+ Str+3}
 19429 | D:11     | Killed timneilson's ghost
 19671 | D:10     | Learned a level 3 spell: Ignite Poison
 19889 | D:12     | Reached skill level 1 in Earth Magic
 20192 | D:12     | Found a staircase to the Orcish Mines.
 20572 | D:12     | Noticed Rupert
 20592 | D:12     | Killed Rupert
 20929 | Orc:1    | Entered Level 1 of the Orcish Mines
 21205 | Orc:2    | Entered Level 2 of the Orcish Mines
 21205 | Orc:2    | Found a staircase to the Elven Halls.
 21758 | Orc:2    | Found a dark tunnel.
 21975 | Orc:2    | Found Waontiehis's Jewellery Shoppe.
 22077 | Orc:2    | Reached skill level 5 in Earth Magic
 22183 | Orc:2    | Reached XP level 15. HP: 99/103 MP: 18/28
 22217 | Orc:2    | Noticed Saint Roka
 22218 | Orc:2    | Upgraded the game from 0.30-a0-793-g160f7cfddd to
                  | 0.30-a0-799-g109b55a442
 22679 | Orc:2    | Killed Saint Roka
 22790 | Orc:2    | Found Feqiot's Antique Weapon Shoppe.
 22795 | Orc:2    | Found Fuplis's Antique Armour Emporium.
 22882 | Orc:2    | Found Genoohat's Armour Shop.
 22936 | Orc:2    | Bought a crude cloak for 256 gold pieces
 22936 | Orc:2    | Identified the +5 cloak of the Blessed Realm {Str+2} (You
                  | bought it in a shop on level 2 of the Orcish Mines)
 22936 | Orc:2    | Bought a faintly glowing kite shield for 256 gold pieces
 22936 | Orc:2    | Identified the +0 kite shield of Cowardice {+Blink rN+
                  | rCorr Dex-5} (You bought it in a shop on level 2 of the
                  | Orcish Mines)
 22942 | Orc:2    | Bought a masterwork dagger for 245 gold pieces
 22942 | Orc:2    | Identified the +1 dagger of Disorder {heavy, Str+4 Int+2
                  | SInv} (You bought it in a shop on level 2 of the Orcish
                  | Mines)
 23197 | D:13     | Found a portal to a secret trove of treasure.
 23805 | D:13     | Noticed a fire giant
 23905 | D:13     | Killed a fire giant
 23906 | D:13     | Reached skill level 10 in Short Blades
 23964 | D:13     | Reached skill level 1 in Shields
 24167 | D:13     | Found the +5 glaive of the Guard {elec, spectral, AC+5}
 24938 | D:14     | Reached skill level 5 in Shields
 25272 | D:14     | Found a gate to the Vaults.
 25309 | D:14     | Reached ***** piety under Hepliaklqana
 25382 | D:14     | Found a runed translucent door.
 25382 | D:14     | Found a shimmering altar of Xom.
 25382 | D:14     | Noticed Jogov's ghost (journeyman DgHW)
 25382 | D:14     | Identified the +3 scimitar of Precise Incision {chaos,
                  | rElec rF- Dex+3}
 25450 | D:14     | Found an opulent altar of Gozag.
 25531 | D:15     | Entered Level 15 of the Dungeon
 25702 | D:15     | Found a staircase to the Depths.
 26637 | Spider:1 | Entered Level 1 of the Spider Nest
 26670 | Lair:2   | Gained mutation: You occasionally lose the ability to drink
                  | potions when taking damage. [mutagenic glow]
 26862 | Lair:2   | Lost mutation: You occasionally lose the ability to drink
                  | potions when taking damage. [potion of mutation]
 26862 | Lair:2   | Gained mutation: You are somewhat resistant to further
                  | mutation. [potion of mutation]
 26862 | Lair:2   | Gained mutation: You have an increased reservoir of magic.
                  | (+10% MP) [potion of mutation]
 27235 | Spider:1 | Gained mutation: You are completely covered in icy blue
                  | scales. (AC +4, rC+) [demonic ancestry]
 27235 | Spider:1 | Reached XP level 16. HP: 63/109 MP: 3/32
 28046 | Spider:1 | Identified the ring of Aptoep {MP+9 Dex+2}
 28084 | Spider:1 | Identified the +1 trident of Honour {drain, rC+ rN+ Dex-3}
 28697 | Spider:2 | Noticed Aizul
 28712 | Spider:2 | Killed Aizul
 28801 | Spider:2 | Reached skill level 10 in Shields
 28993 | Spider:2 | Identified the +3 falchion "Gaureath" {heavy, rPois Will+++
                  | Str+3 Dex-5}
 29400 | Spider:1 | Learned a level 1 spell: Apportation
 29405 | Spider:1 | Learned a level 4 spell: Petrify
 29954 | Spider:3 | Found the +6 lightning scales {swift, rElec}
 31404 | Shoals:1 | Entered Level 1 of the Shoals
 31693 | Shoals:1 | Noticed a kraken
 31999 | Shoals:1 | Noticed Kirke
 32012 | Shoals:1 | Killed Kirke
 32492 | Shoals:1 | Killed a kraken
 32493 | Shoals:1 | Gained mutation: You are robust. (+10% HP) [demonic
                  | ancestry]
 32493 | Shoals:1 | Reached XP level 17. HP: 109/128 MP: 33/33
 32817 | Shoals:2 | Reached ****** piety under Hepliaklqana
 33105 | Shoals:2 | Identified the ring "Jougutua" {rPois rN+ AC+4 Str+2}
 33113 | Shoals:2 | Found an ornate altar of the Wu Jian Council.
 33300 | Shoals:2 | Found a blossoming altar of Fedhas.
 33566 | Shoals:2 | You fall into a shaft and drop 1 floor!
 34224 | Shoals:3 | Reached skill level 15 in Shields
 34243 | Shoals:3 | Reached skill level 1 in Armour
 34751 | Shoals:3 | Noticed Bai Suzhen
 34769 | Shoals:3 | Killed Bai Suzhen
 34871 | Shoals:4 | Entered Level 4 of the Shoals
 35357 | Shoals:4 | Noticed Mara
 35359 | Shoals:4 | Noticed themarg's illusion
 35599 | Shoals:4 | Noticed themarg's illusion
 35617 | Shoals:4 | Killed Mara
 35618 | Shoals:4 | Reached skill level 10 in Spellcasting
 35923 | Shoals:4 | Gained mutation: A demonic guardian rushes to your aid.
                  | [demonic ancestry]
 35923 | Shoals:4 | Reached XP level 18. HP: 126/134 MP: 35/35
 36042 | Shoals:4 | Got a barnacled rune of Zot
 36638 | Spider:4 | Entered Level 4 of the Spider Nest
 36855 | Spider:4 | Reached skill level 10 in Transmutations
 37208 | Spider:4 | Reached skill level 10 in Conjurations
 38875 | Spider:4 | Got a gossamer rune of Zot
 41078 | D:14     | Killed Jogov's ghost
 41082 | D:14     | Got Qumagron's Cyclopedia of the Crypt and the Deep Freeze
 41239 | Elf:1    | Entered Level 1 of the Elven Halls
 41526 | Elf:1    | Paralysed by an air elemental for 1 turns
 41529 | Elf:1    | Paralysed by an air elemental for 1 turns
 41699 | Elf:1    | Found Valof's Distillery.
 41710 | Elf:1    | Bought a potion of curing for 42 gold pieces
 41710 | Elf:1    | Bought a potion of mutation for 112 gold pieces
 41710 | Elf:1    | Bought a potion of resistance for 140 gold pieces
 41710 | Elf:1    | Bought a potion of curing for 42 gold pieces
 41710 | Elf:1    | Bought a potion of haste for 140 gold pieces
 41728 | Elf:1    | Found Ukadif's Self-Improvement Boutique.
 41919 | Elf:1    | Found Fuquat's Antique Armour Emporium.
 41990 | Elf:1    | Gained mutation: When low on magic, you restore magic in
                  | place of health. [demonic ancestry]
 41990 | Elf:1    | Reached XP level 19. HP: 140/140 MP: 33/36
 42197 | Elf:1    | Found Tuatah's Armour Emporium.
 43134 | Elf:2    | Found a huge runed translucent gate.
 43134 | Elf:2    | Found a huge runed translucent gate.
 43134 | Elf:2    | Found a huge runed translucent gate.
 43134 | Elf:2    | Found a huge runed translucent gate.
 43134 | Elf:2    | Found a huge runed translucent gate.
 43456 | Elf:3    | Entered Level 3 of the Elven Halls
 43565 | Elf:3    | Found Ewnu's General Store.
 43600 | Elf:3    | Bought a scroll of teleportation for 45 gold pieces
 43662 | Elf:3    | Paralysed by an air elemental for 1 turns
 43744 | Elf:3    | Reached skill level 10 in Dodging
 44126 | Elf:3    | Paralysed by an air elemental for 1 turns
 44129 | Elf:3    | Paralysed by an air elemental for 1 turns
 44363 | Elf:3    | Noticed a Brimstone Fiend
 44693 | Elf:3    | Identified the amulet "Yqiwn" {Faith Regen+ Slay+3 Stlth+}
 44708 | Elf:3    | Identified the amulet of Xiczi {Faith rF+}
 44761 | Elf:3    | Identified the +1 chain mail of Orthodoxy {MP+9 Str-3 Int-5
                  | Stlth+}
 44816 | Elf:3    | Identified the +0 chain mail "Umox" {rPois}
 44870 | Elf:3    | Identified a scroll of acquirement
 44882 | Elf:3    | Acquired 991 gold pieces
 44887 | Elf:3    | Got the Exposition on Amorphous Grit
 44973 | Elf:3    | Identified the +10 shortbow "Geheox" {elec, Dex+6}
 45319 | Vaults:1 | Entered Level 1 of the Vaults
 45486 | Vaults:1 | Found a magical portal.
 45501 | WizLab   | Entered Doroklohe's Tomb
 45736 | WizLab   | Noticed an ancient lich
 45923 | Vaults:1 | Reached XP level 20. HP: 45/147 MP: 17/37
 46437 | Elf:1    | Bought a manual of Unarmed Combat for 1040 gold pieces
 47160 | Vaults:2 | Noticed Zenata
 47191 | Vaults:2 | Found a crumbling gateway.
 47220 | Desolati | Entered the Desolation of Salt
 47233 | Desolati | Reached skill level 6 in Air Magic
 47462 | Desolati | Identified the ring of Noant {rN+ rCorr MP+9}
 47469 | Desolati | Reached skill level 7 in Air Magic
 47496 | Desolati | Reached skill level 10 in Evocations
 47600 | Desolati | Reached skill level 8 in Air Magic
 47698 | Desolati | Got Sif Muna's Guidebook on Nauseating Force
 47919 | Desolati | Identified the amulet "Wiaschiss" {Acrobat Will+}
 47944 | Desolati | Identified the +0 hand axe of Ciskitug {antimagic, *Rage
                  | rC+ Dex+4}
 48072 | Desolati | Found the +0 staff of Battle
 48273 | Vaults:2 | Noticed Jory
 48281 | Vaults:2 | Killed Jory
 48422 | Vaults:2 | Reached skill level 9 in Air Magic
 48757 | Vaults:2 | Reached skill level 10 in Air Magic
 48871 | Vaults:2 | Reached XP level 21. HP: 153/153 MP: 39/39
 48916 | Vaults:2 | Identified the +1 chain mail of Xomoecis {Dex+2}
 48968 | Vaults:2 | Killed Zenata
 49152 | Vaults:2 | Reached skill level 11 in Air Magic
 50020 | Vaults:3 | Found a huge runed gate.
 50020 | Vaults:3 | Found a huge runed gate.
 50020 | Vaults:3 | Found a huge runed gate.
 50020 | Vaults:3 | Found a huge runed gate.
 50020 | Vaults:3 | Found a huge runed gate.
 50020 | Vaults:3 | Found a huge runed gate.
 50021 | Vaults:3 | Found a huge runed gate.
 50021 | Vaults:3 | Found a huge runed gate.
 50021 | Vaults:3 | Found a huge runed gate.
 50021 | Vaults:3 | Found a huge runed gate.
 50021 | Vaults:3 | Found a huge runed gate.
 50022 | Vaults:3 | Found a huge runed gate.
 50023 | Vaults:3 | Found a huge runed gate.
 50024 | Vaults:3 | Found a huge runed gate.
 50033 | Vaults:3 | Found a huge runed gate.
 50033 | Vaults:3 | Found a huge runed gate.
 50033 | Vaults:3 | Found a huge runed gate.
 50033 | Vaults:3 | Found a huge runed gate.
 50033 | Vaults:3 | Found a huge runed gate.
 50033 | Vaults:3 | Found a huge runed gate.
 50034 | Vaults:3 | Found a huge runed gate.
 50035 | Vaults:3 | Found a huge runed gate.
 50036 | Vaults:3 | Found a huge runed gate.
 50044 | Vaults:3 | Found a huge runed gate.
 50044 | Vaults:3 | Found a huge runed gate.
 50044 | Vaults:3 | Found a huge runed gate.
 50044 | Vaults:3 | Found a huge runed gate.
 50044 | Vaults:3 | Found a huge runed gate.
 50044 | Vaults:3 | Found a huge runed gate.
 50045 | Vaults:3 | Found a huge runed gate.
 50106 | Vaults:3 | Found a staircase to the Crypt.
 50128 | Vaults:3 | Reached skill level 12 in Air Magic
 50207 | Vaults:3 | Found a huge runed gate.
 50207 | Vaults:3 | Found a huge runed gate.
 50207 | Vaults:3 | Found a huge runed gate.
 50207 | Vaults:3 | Found a huge runed gate.
 50208 | Vaults:3 | Found a huge runed gate.
 50216 | Vaults:3 | Found a huge runed gate.
 50800 | Vaults:3 | Found Coodd's Antique Armour Boutique.
 51203 | Vaults:4 | Learned a level 7 spell: Storm Form
 51347 | Vaults:4 | Reached skill level 13 in Air Magic
 51665 | Vaults:4 | Gained mutation: A powerful demonic guardian rushes to your
                  | aid. [demonic ancestry]
 51665 | Vaults:4 | Reached XP level 22. HP: 159/159 MP: 40/40
 51952 | Vaults:4 | Reached skill level 1 in Unarmed Combat
 52277 | Vaults:4 | Found a huge runed gate.
 52277 | Vaults:4 | Found a huge runed gate.
 52277 | Vaults:4 | Found a huge runed gate.
 52277 | Vaults:4 | Found a huge runed gate.
 52278 | Vaults:4 | Found a huge runed gate.
 52278 | Vaults:4 | Found a huge runed gate.
 52278 | Vaults:4 | Found a huge runed gate.
 52278 | Vaults:4 | Found a huge runed gate.
 52279 | Vaults:4 | Found a huge runed gate.
 52280 | Vaults:4 | Found a huge runed gate.
 52287 | Vaults:4 | Found a huge runed gate.
 52287 | Vaults:4 | Found a huge runed gate.
 52287 | Vaults:4 | Found a huge runed gate.
 52287 | Vaults:4 | Found a huge runed gate.
 52287 | Vaults:4 | Found a huge runed gate.
 52287 | Vaults:4 | Found a huge runed gate.
 52288 | Vaults:4 | Found a huge runed gate.
 52292 | Vaults:4 | Found a huge runed gate.
 52293 | Vaults:4 | Found a huge runed gate.
 52301 | Vaults:4 | Found a huge runed gate.
 52301 | Vaults:4 | Found a huge runed gate.
 52301 | Vaults:4 | Found a huge runed gate.
 52301 | Vaults:4 | Found a huge runed gate.
 52301 | Vaults:4 | Found a huge runed gate.
 52301 | Vaults:4 | Found a huge runed gate.
 52302 | Vaults:4 | Found a huge runed gate.
 52303 | Vaults:4 | Found a huge runed gate.
 52304 | Vaults:4 | Found a huge runed gate.
 52312 | Vaults:4 | Found a huge runed gate.
 52312 | Vaults:4 | Found a huge runed gate.
 52312 | Vaults:4 | Found a huge runed gate.
 52312 | Vaults:4 | Found a huge runed gate.
 52312 | Vaults:4 | Found a huge runed gate.
 52312 | Vaults:4 | Found a huge runed gate.
 52312 | Vaults:4 | Found a huge runed gate.
 52313 | Vaults:4 | Found a huge runed gate.
 52804 | Depths:1 | Entered Level 1 of the Depths
 52804 | Depths:1 | Found Fekimn's Magic Scroll Boutique.
 52844 | Depths:1 | Found Jicraf's Assorted Antiques.
 52879 | Depths:1 | Found Somus's Antique Armour Shop.
 52907 | Depths:1 | Bought a scroll of enchant armour for 112 gold pieces
 52907 | Depths:1 | Bought a scroll of teleportation for 45 gold pieces
 52907 | Depths:1 | Bought a scroll of teleportation for 45 gold pieces
 52907 | Depths:1 | Bought a scroll of teleportation for 45 gold pieces
 53025 | Depths:1 | Reached skill level 14 in Air Magic
 53079 | Depths:1 | Reached skill level 5 in Unarmed Combat
 53294 | Depths:1 | Found Hutrug's General Store.
 53299 | Depths:1 | Found a gateway to Hell.
 53329 | Depths:1 | Bought a scroll of fog for 60 gold pieces
 53329 | Depths:1 | Bought 2 potions of brilliance for 120 gold pieces
 53329 | Depths:1 | Bought a potion of cancellation for 120 gold pieces
 53329 | Depths:1 | Bought a potion of mutation for 120 gold pieces
 53335 | Depths:1 | Found Holill's Assorted Antiques.
 53341 | Depths:1 | Bought a scroll of fear for 108 gold pieces
 53341 | Depths:1 | Bought a potion of curing for 81 gold pieces
 53341 | Depths:1 | Bought a potion of magic for 216 gold pieces
 53413 | Depths:1 | Found a hazy altar of Hepliaklqana.
 53643 | Depths:2 | You are sucked into a shaft and drop 1 floor!
 53725 | Depths:3 | Found Naokkas's Weapon Shoppe.
 53729 | Depths:3 | Found Qiomn's Distillery.
 53858 | Depths:3 | Found a one-way gate to the infinite horrors of the Abyss.
 53957 | Depths:3 | Found a sparkling altar of Nemelex Xobeh.
 54289 | Depths:2 | Found Dyec's Magic Scroll Boutique.
 54474 | Depths:2 | Found a one-way gate leading to the halls of Pandemonium.
 55282 | Depths:3 | Found Emnuf's Weapon Emporium.
 55337 | Depths:3 | Found a one-way gateway to a ziggurat.
 55557 | Depths:4 | Entered Level 4 of the Depths
 55602 | Depths:4 | Noticed Margery
 55603 | Depths:4 | Noticed Mennas
 55615 | Depths:4 | Killed Margery
 55759 | Depths:4 | Found Sytwig's Tremendous Tomes.
 55783 | Depths:4 | Reached XP level 23. HP: 156/165 MP: 42/42
 55788 | Depths:4 | Reached skill level 10 in Unarmed Combat
 55788 | Depths:4 | Reached skill level 15 in Transmutations
 55788 | Depths:4 | Reached skill level 15 in Air Magic
 55825 | Depths:4 | Acquired 273 gold pieces
 55865 | Depths:4 | Found a gate to the Realm of Zot.
 56033 | Depths:4 | Found a snail-covered altar of Cheibriados.
 57536 | Crypt:1  | Entered Level 1 of the Crypt
 57995 | Crypt:1  | Found the +0 toga "Victory" {*Victory Clar}
 58069 | Crypt:1  | Identified the +1 chain mail of the Land of Plenty {rPois
                  | Will+ rCorr Int+5}
 58911 | Crypt:2  | Identified the +1 ring mail of the Lizard {rF+ Will+}
 59422 | Crypt:3  | Entered Level 3 of the Crypt
 59760 | Crypt:3  | Found the +8 demon blade "Leech" {evervamp, Harm Drain rN+}
 59828 | Crypt:3  | Noticed a curse toe
 59839 | Crypt:3  | Killed a curse toe
 59957 | Crypt:3  | Found a staircase to the Tomb.
 60188 | Crypt:3  | Identified the +1 leather armour of the Thoughtful Souls
                  | {Rampage}
 60198 | Crypt:3  | Reached skill level 16 in Air Magic
 60308 | Crypt:3  | Learned a level 4 spell: Passage of Golubria
 60318 | Crypt:3  | Learned a level 8 spell: Maxwell's Capacitive Coupling
 61049 | Slime:1  | Entered Level 1 of the Pits of Slime
 61434 | Slime:1  | Found a viscous altar of Jiyva.
 62573 | Slime:5  | Entered Level 5 of the Pits of Slime
 62580 | Slime:5  | Gained mutation: You are very robust. (+20% HP) [demonic
                  | ancestry]
 62580 | Slime:5  | Reached XP level 24. HP: 141/202 MP: 31/42
 62773 | Slime:5  | Found a viscous altar of Jiyva.
 62773 | Slime:5  | Noticed the Royal Jelly
 62875 | Slime:5  | Reached skill level 17 in Air Magic
 63078 | Slime:5  | Gained mutation: You do not regenerate when monsters are
                  | visible. [a shining eye]
 64026 | Depths:3 | Lost mutation: You do not regenerate when monsters are
                  | visible. [potion of mutation]
 64026 | Depths:3 | Lost mutation: You are somewhat resistant to further
                  | mutation. [potion of mutation]
 64026 | Depths:3 | Gained mutation: You are agile. (Dex +4, Str/Int -1)
                  | [potion of mutation]
 64026 | Depths:3 | Gained mutation: A frigid envelope surrounds you and
                  | freezes all who hurt you. [potion of mutation]
 64376 | Vaults:5 | Entered Level 5 of the Vaults
 64378 | Vaults:5 | Noticed a dread lich
 64428 | Vaults:5 | Reached skill level 18 in Air Magic
 64788 | Vaults:5 | Noticed an ancient lich
 64809 | Vaults:5 | Killed an ancient lich
 65470 | Vaults:5 | Got a silver rune of Zot
 65544 | Vaults:5 | Reached XP level 25. HP: 195/204 MP: 42/42
 65656 | Vaults:5 | Identified the +2 ring mail of the Onion {+Blink rC+ rN+
                  | Int-5}
 65754 | Vaults:5 | Paralysed by something for 4 turns
 65771 | Vaults:5 | Killed a dread lich
 65898 | Vaults:5 | Identified the +1 ring mail "Ceifiwki" {Rampage rC+ Dex+2}
 67738 | Depths:2 | Bought a scroll of teleportation for 69 gold pieces
 67738 | Depths:2 | Bought a scroll of teleportation for 69 gold pieces
 67738 | Depths:2 | Bought a scroll of fear for 92 gold pieces
 67790 | Depths:3 | Bought a potion of curing for 66 gold pieces
 67790 | Depths:3 | Bought a potion of brilliance for 88 gold pieces
 67790 | Depths:3 | Bought 2 potions of resistance for 440 gold pieces
 67790 | Depths:3 | Bought a potion of heal wounds for 110 gold pieces
 67796 | Depths:3 | Learned a level 5 spell: Borgnjor's Vile Clutch
 67801 | Depths:3 | Learned a level 4 spell: Manifold Assault
 68757 | Slime:5  | Killed the Royal Jelly
 68926 | Slime:5  | Got a slimy rune of Zot
 68942 | Slime:5  | Identified the +4 broad axe of Ciwk {spect, rElec Int+2}
 68960 | Slime:5  | Identified the +5 great sword of Stickiness {speed, rPois
                  | Int+3 SInv}
 68975 | Slime:5  | Identified the ring "Pagag" {Fly rC+ Int+2}
 68983 | Slime:5  | Identified the ring of Compassion {+Blink Fly rC+ Will++}
 68997 | Slime:5  | Identified the +0 bardiche "Kocso" {freeze, rF+ Will+ Str-4
                  | Dex+2}
 69011 | Slime:5  | Identified the amulet "Huntiosh" {Spirit -Tele Int+6}
 69029 | Slime:5  | Identified the +1 ring mail of Sito {Int+3}
 69739 | Zig:1    | Entered Level 1 of a ziggurat
 69753 | Zig:2    | Entered Level 2 of a ziggurat
 69762 | Zig:2    | Identified the ring of Lima {Fire +Blink rN++ Will- Int+3}
 69769 | Zig:3    | Entered Level 3 of a ziggurat
 69774 | Zig:3    | Identified the +8 great mace of Extinguishment {freeze,
                  | Str+3}
 69820 | Zig:4    | Entered Level 4 of a ziggurat
 69852 | Zig:5    | Entered Level 5 of a ziggurat
 69868 | Zig:5    | Identified the +6 whip of Epimaudi {freeze, rF+ Int+3}
 69880 | Zig:6    | Entered Level 6 of a ziggurat
 69949 | Zig:7    | Entered Level 7 of a ziggurat
 70019 | Zig:8    | Entered Level 8 of a ziggurat
 70110 | Zig:9    | Entered Level 9 of a ziggurat
 70116 | Zig:9    | Noticed bakla's ghost (legendary DsAE)
 70284 | Depths:4 | Killed Mennas
 70488 | Depths:4 | Reached skill level 19 in Air Magic
 70609 | Zot:1    | Entered Level 1 of the Realm of Zot
 71158 | D:13     | You paid a toll of +3 shadow dragon scales to enter a
                  | treasure trove
 71159 | Trove    | Entered a treasure trove
 71185 | Trove    | Identified the +1 cloak of Twilight {Harm}
 71225 | Trove    | Found the +18 shield of the Gong {Loud rN+ Will+ rCorr
                  | EV-5}
 73045 | Zot:2    | Reached skill level 20 in Air Magic
 73510 | Zot:2    | Reached XP level 26. HP: 193/216 MP: 38/42
 74109 | Zot:3    | Found a transporter.
 74109 | Zot:3    | Found a transporter.
 74109 | Zot:3    | Found a transporter.
 74113 | Zot:3    | Found a transporter.
 74216 | Zot:3    | Identified the +1 scale mail of Lilacs {Str+4 Dex-5 Stlth+}
 74379 | Zot:3    | Noticed Vv
 74476 | Zot:3    | Killed Vv
 75063 | Zot:3    | Found a corrupted altar of Lugonu.
 75108 | Zot:3    | Reached skill level 15 in Dodging
 75824 | Zot:4    | Identified the +0 long sword "Mutuatyen" {holy, *Corrode
                  | rF++ MP+9}
 75911 | Zot:5    | Entered Level 5 of the Realm of Zot
 76041 | Zot:4    | Reached skill level 15 in Fighting
 76134 | Zot:5    | Found a transporter.
 76134 | Zot:5    | Found a transporter.
 76134 | Zot:5    | Found a transporter.
 76147 | Zot:5    | Found a transporter.
 76182 | Zot:5    | Found a transporter.
 76189 | Zot:5    | Found a transporter.
 76587 | Zot:5    | Reached skill level 15 in Unarmed Combat
 76686 | Zot:5    | Noticed an orb of fire
 76693 | Zot:5    | Killed an orb of fire
 76829 | Zot:5    | Noticed an orb of fire
 76836 | Zot:5    | Killed an orb of fire
 77251 | Zot:5    | Gained mutation: You are extremely robust. (+30% HP)
                  | [demonic ancestry]
 77251 | Zot:5    | Reached XP level 27. HP: 139/248 MP: 23/42
 77656 | Zot:5    | Noticed an ancient lich
 77660 | Zot:5    | Killed an ancient lich
 77837 | Zot:5    | Reached skill level 10 in Translocations
 78715 | Zot:5    | Got the Orb of Zot
 79435 | D:$      | Escaped with the Orb!

Illustrated notes

Levels and vault maps discovered:
D:1:      minmay_arrival_widening_spiral_wide, layout_rooms, minmay_cupped
D:2:      layout_basic, serial_bayou_lagoon_a
D:3:      kennysheep_goblin_castle, layout_basic, lemuel_doored_altar,
          nicolae_overflow_hidden_temple, minmay_tree_intersection
D:4:      layout_loops_ring, overflow_temple_1_default, marbit_many_paths,
          jmf_multi_god_temple2, cheibrodos_sewer_entry_sluice, moated_statue
D:5:      layout_loops_ring
D:6:      layout_gridville, st_stairs_2
D:7:      layout_basic, mainiacjoe_overflow_chevrons, minmay_temple_entry_wispy,
          serial_shops, shop, grunt_decor_cap, guppyfry_shop_venom
D:8:      layout_basic, mainiacjoe_overflow_catwalk, uniq_pikel
D:9:      layout_rooms, uniq_gastronok
D:10:     layout_big_octagon, fedhas_altar_2,
          mainiacjoe_overflow_concentric_impassable, serial_ice, serial_ice_k,
          serial_ice_o, serial_ice_h, serial_ice_n,
          eino_small_chamber_without_monster, minivault_13
D:11:     layout_stronghold, dpeg_lair_monsters, gammafunk_ghost_grave,
          uniq_maurice
D:12:     layout_long_grid, minmay_orc_entry_temple_small, minivault_25_ag,
          uniq_rupert
D:13:     minmay_guarded_unrand_guard, layout_layer_cave, enter_trove_2
D:14:     layout_cave_pools, hangedman_vaults_entry_quadrant_bands,
          portal_ice_cave_entry_pillars_2, lemuel_round_altar,
          ebering_ghost_xom, nicolae_elevator_lobby_asterisk
D:15:     grunt_enter_depths_giant_problem, layout_loops_corners,
          chequers_serial_rivers_marsh
Lair:1:   layout_roguey, grunt_forest_large_clearings
Lair:2:   layout_loops_ring, dummy_spider_entry, lemuel_fruit_tree
Lair:3:   layout_chaotic_city, nicolae_shoals_entry_roost
Lair:4:   layout_roguey, slime_entry_1
Lair:5:   grunt_lair_end_beastmaster, layout_regular_city,
          hangedman_lair_generics_rect
Shoals:1: layout_shoals, nicolae_shoals_kraken_intersection, uniq_kirke
Shoals:2: layout_shoals, hangedman_feature_mirror, overgrown_tower, st_cyclops
Shoals:3: layout_shoals, nicolae_shoals_undead_eyrie, uniq_bai_suzhen
Shoals:4: shoals_end_hellmonk_lost_city, uniq_mara
Spider:1: layout_spider_delve, nicolae_spider_solar_radiation
Spider:2: layout_spider_delve, uniq_aizul
Spider:3: layout_chambers
Spider:4: hellmonk_spider_rune_endless_swarm, nicolae_spider_webbed_stairs
Slime:1:  layout_caves, basic_altar
Slime:2:  layout_caves, nicolae_slime_crime_time
Slime:3:  layout_caves, cheibrodos_slime_lost_civilization_4
Slime:4:  layout_caves
Slime:5
Orc:1:    layout_caves
Orc:2:    grunt_orc_community_town_hall, layout_diamond_mine,
          grunt_orc_community_big_house_1, grunt_orc_community_big_house_2,
          grunt_orc_community_house_1, grunt_orc_community_house_1,
          grunt_orc_community_house_2, grunt_orc_community_house_2,
          grunt_orc_community_house_1, grunt_orc_community_house_2, basic_altar,
          nicolae_volcano_entry_hallway
Elf:1:    minmay_elf_arrival_plus, layout_rooms, serial_shops,
          nicolae_shop_advertising_works [nicolae_subvault_shop_adworks], shop,
          shop, kennysheep_underground_church, nicolae_shop_self_help
Elf:2:    elven_hall_of_blades_hangedman_alternative
          [nicolae_blade_entry_hurt_lockers], layout_onion_city, drop_trap
Elf:3:    minmay_elf_hall_spiked, layout_onion_city, serial_shops,
          nicolae_shop_crystal, grunt_ministairs_8, hex_medium, uniq_saint_roka
Vaults:1: mu_enter_wizlab_4, nicolae_vaults_ring_of_whatevers, vaults_mumra_hex,
          nicolae_vaults_yaktaur_gun_rack, v_misc_22,
          nicolae_vaults_diagonal_hallway_7, nicolae_vaults_little_squares_6,
          v_rooms_3, vaults_room_grunt_arrival_ludios,
          layout_vaults_chaotic_city
Vaults:2: portal_desolation_entry_nicolae_nacl,
          nicolae_vaults_twisting_passages, nicolae_vaults_octagons,
          grunt_vaults_bifocal, nicolae_vaults_hallways_thing,
          vaults_mumra_chevron, v_pattern_5, hangedman_vaults_hat,
          nicolae_vaults_network_star, vaults_room_boxed,
          ontoclasm_vaults_twist, layout_vaults_ring, uniq_zenata, uniq_jory
Vaults:3: door_vault, v_misc_33, v_pattern_3, minmay_crypt_entry_simple_box,
          hangedman_vaults_variations, vaults_mumra_hexcomb,
          nicolae_vaults_border_crossing, layout_vaults_omnigrid, serial_shops,
          nicolae_shop_trees
Vaults:4: nicolae_vaults_asterisk, nicolae_vaults_network_quincunx
          [nicolae_vaults_network_quincunx_subvault,
          nicolae_vaults_network_quincunx_subvault,
          nicolae_vaults_network_quincunx_subvault,
          nicolae_vaults_network_quincunx_subvault,
          nicolae_vaults_network_quincunx_subvault],
          nicolae_vaults_stairing_the_circle, vaults_room_pools,
          vaults_room_stairs_pillars, nicolae_vaults_windows_and_doors_thing,
          ontoclasm_vaults_decontamination, v_pattern_2, not_door_vault_mu,
          sword_in_stone, v_misc_18, v_rooms_5, nicolae_vaults_little_squares_2,
          nicolae_vaults_little_squares_3, layout_vaults_maze
Vaults:5
Crypt:1:  layout_gridlike, nicolae_crypt_ancient_font, beargit_elvish_explorers
Crypt:2:  layout_gridlike, st_stairs_13, roderic_lattice_octagonal_star
Crypt:3:  david_glass_crypt, layout_gridlike, tomb_entry_forgotten_bobbens
Depths:1: layout_cave_pools, elyvilon_altar_1, hell_entry, serial_shops,
          kennysheep_mini, nicolae_shop_trees, shop, shop, nicolae_square_shop,
          nzn_hepliaklqana_mist_gate
Depths:2: minmay_the_grid_triangle_9x9_recursive_2
          [minmay_the_grid_triangle_9x9_prize_insulated,
          minmay_the_grid_triangle_9x9_zippers_vertical,
          minmay_the_grid_triangle_9x9_impossible_snake,
          minmay_the_grid_triangle_9x9_swiss_cheese], layout_basic,
          serial_shops, nicolae_shop_window_shopping, rand_demon_pan_entry_1,
          hell_entry, serial_sigils, serial_sigils_hangedman_carve,
          serial_sigils_hangedman_writhe, serial_sigils_hangedman_quiver,
          serial_sigils_hangedman_quiver, serial_sigils_hangedman_shear
Depths:3: nicolae_cairo_tiling_large_dashed, layout_cave_pools,
          enter_ziggurat_e, hell_entry, nemelex_diamond_rough_becter,
          serial_shops, shop, nicolae_shop_hallway_stairs, shop,
          minmay_room_of_horrors, minmay_holes
Depths:4: grunt_zot_entry_funnels, layout_twisted_cross, grunt_hell_horde,
          old_standard_altar, nicolae_shop_i_like_big_books, minmay_misc_feat_x,
          serial_bayou_shore_a, uniq_mennas, uniq_margery
Zot:1:    layout_gridlike, grunt_ministairs_1
Zot:2:    kennysheep_blocky_room, layout_basic
Zot:3:    hangedman_orp_of_zott, layout_gridlike, grunt_ministairs_10,
          nicolae_diode_quadrants, uniq_vv
Zot:4:    layout_basic
Zot:5:    layout_basic, serial_nicolae_subway, nicolae_sub_station_stone,
          nicolae_sub_station_metal, nicolae_sub_station_crystal

Skill      XL: |  1  2  3  4  5  6  7  8  9 10 11 12 13 14 15 16 17 18 19 20 21 22 23 24 25 26 27 |
---------------+----------------------------------------------------------------------------------+-----
Stealth        | 2 |  2.0
Fire Magic     | 3 4 5 6 7 |  7.0
Fighting       | 3 4 5 8 10 13 15 | 15.0
Spellcasting   | 3 6 8 9 10 11 12 13 | 13.6
Conjurations   | 3 5 6 7 8 9 10 | 10.0
Dodging        | 2 3 5 8 10 12 15 | 15.0
Throwing       | 2 |  2.0
Evocations     | 2 5 7 10 13 14 | 14.4
Translocations | 5 6 9 10 | 10.0
Invocations    | 4 10 12 | 12.0
Necromancy     | 5 7 |  7.0
Transmutations | 3 7 9 10 13 14 15 | 15.0
Air Magic      | 3 5 10 13 14 16 18 20 | 20.0
Poison Magic   | 2 5 |  5.0
Short Blades   | 5 9 10 | 10.0
Earth Magic    | 5 7 8 |  8.0
Shields        | 8 13 15 16 18 | 18.6
Armour         | 1 |  1.6
Unarmed Combat | 9 10 12 15 | 15.0

Action                     |  1- 3 |  4- 6 |  7- 9 | 10-12 | 13-15 | 16-18 | 19-21 | 22-24 | 25-27 || total
---------------------------+-------+-------+-------+-------+-------+-------+-------+-------+-------++-------
  Melee: Unarmed           |    11 |       |       |       |       |       |       |   846 |   679 ||  1536
         Dagger            |    10 |     2 |       |     6 |   347 |   224 |       |       |       ||   589
         Headbutt          |     6 |     1 |       |     4 |   110 |    65 |   195 |     4 |     7 ||   392
         Short sword       |       |     1 |     3 |    17 |       |       |       |       |       ||    21
         Punch             |       |       |       |       |     6 |       |       |    90 |   109 ||   205
         Falchion          |       |       |       |       |       |    32 |   585 |    13 |    18 ||   648
  Throw: Dart              |       |       |       |     4 |    17 |     5 |       |       |       ||    26
         Throwing net      |       |       |       |       |       |       |       |       |     1 ||     1
   Cast: Foxfire           |    39 |    76 |    46 |   115 |    33 |   515 |     2 |     3 |       ||   829
         Scorch            |    20 |    68 |   126 |   206 |   203 |   446 |    59 |    26 |       ||  1154
         Flame Wave        |       |       |       |    45 |    24 |    33 |       |       |       ||   102
         Irradiate         |       |       |       |     3 |   102 |   102 |   101 |   104 |    91 ||   503
         Mephitic Cloud    |       |       |       |       |   141 |    64 |   103 |    20 |     5 ||   333
         Sublimation of Bl |       |       |       |       |    38 |    12 |       |       |       ||    50
         Ignite Poison     |       |       |       |       |     9 |     7 |     5 |       |       ||    21
         Blink             |       |       |       |       |     3 |     5 |     1 |     8 |     2 ||    19
         Petrify           |       |       |       |       |       |     7 |       |       |       ||     7
         Storm Form        |       |       |       |       |       |       |       |    87 |    87 ||   174
         Passage of Golubr |       |       |       |       |       |       |       |     3 |    11 ||    14
         Maxwell's Capacit |       |       |       |       |       |       |       |     3 |     5 ||     8
         Manifold Assault  |       |       |       |       |       |       |       |       |    21 ||    21
         Borgnjor's Vile C |       |       |       |       |       |       |       |       |    34 ||    34
         Apportation       |       |       |       |       |       |       |       |       |     1 ||     1
 Invoke: Ancestor Identity |       |       |     1 |       |       |       |       |       |       ||     1
         Ancestor Life: Kn |       |       |     1 |       |       |       |       |       |       ||     1
         Recall Ancestor   |       |       |       |     7 |     8 |     6 |     5 |    15 |     9 ||    50
         Idealise          |       |       |       |     3 |     7 |    12 |     7 |    10 |     7 ||    46
Ability: Blinkbolt         |       |       |       |       |       |       |       |    44 |    46 ||    90
         End Transformatio |       |       |       |       |       |       |       |       |     2 ||     2
  Evoke: Wand              |       |       |       |     4 |     5 |    15 |     2 |     6 |     5 ||    37
         Lightning rod     |       |       |       |       |     5 |     7 |       |     2 |     4 ||    18
         Tin of tremorston |       |       |       |       |       |     2 |     3 |     2 |     1 ||     8
         Phantom mirror    |       |       |       |       |       |       |     1 |     2 |     2 ||     5
         Phial of floods   |       |       |       |       |       |       |     4 |     2 |     1 ||     7
         Condenser vane    |       |       |       |       |       |       |       |     3 |     2 ||     5
         Box of beasts     |       |       |       |       |       |       |       |       |     2 ||     2
    Use: Scroll            |       |     1 |     6 |    10 |    20 |     9 |     6 |    23 |    18 ||    93
         Potion            |       |     1 |     1 |     8 |    16 |     5 |     1 |    22 |     7 ||    61
   Stab: Distracted        |       |       |       |       |     2 |     2 |     8 |    21 |    13 ||    46
         Confused          |       |       |       |       |    34 |     5 |    21 |     5 |     1 ||    66
         Invisible         |       |       |       |       |     4 |       |       |       |       ||     4
         Sleeping          |       |       |       |       |     1 |       |     3 |       |       ||     4
         Petrified         |       |       |       |       |       |     4 |       |       |       ||     4
         Petrifying        |       |       |       |       |       |     1 |       |       |       ||     1
 Armour: Robe              |     3 |     6 |     8 |    44 |    89 |       |       |       |       ||   150
         Troll leather arm |       |       |       |       |    67 |   347 |   357 |    17 |    39 ||   827
         Skin              |       |       |       |       |       |       |       |   329 |   216 ||   545
  Dodge: Dodged            |    38 |    21 |    49 |   220 |   342 |   278 |   384 |   903 |   900 ||  3135
  Block: Kite shield       |       |       |       |       |       |   385 |    73 |       |       ||   458
         Buckler           |       |       |       |       |       |       |   282 |    11 |    45 ||   338

Table legend: (Time is in decaauts)
 A = Elapsed time spent in this place.
 B = Non-inter-level travel time spent in this place.
 C = Inter-level travel time spent in this place.
 D = Time resting spent in this place.
 E = Time spent auto-exploring this place.
 F = Levels seen in this place.
 G = Mean time per level.
                   A        B        C        D        E       F      G
               +--------+--------+--------+--------+--------+-----+--------+
         Total |  79803 |  71048 |   8755 |  14300 |  35632 |  68 | 1173.6 |
       Dungeon |  18851 |  15661 |   3190 |   1980 |  10554 |  15 | 1256.7 |
          Lair |   9209 |   8258 |    951 |   2251 |   4474 |   5 | 1841.8 |
        Shoals |   6892 |   6497 |    395 |   1611 |   1822 |   4 | 1723.0 |
   Spider Nest |   6146 |   5805 |    341 |   1573 |   2162 |   4 | 1536.5 |
    Slime Pits |   3920 |   3699 |    221 |   1146 |   1350 |   5 |  784.0 |
  Orcish Mines |   2656 |   2235 |    421 |    551 |    902 |   2 | 1328.0 |
   Elven Halls |   4096 |   3620 |    476 |    437 |   1811 |   3 | 1365.3 |
        Vaults |   9787 |   8749 |   1038 |    526 |   5474 |   5 | 1957.4 |
         Crypt |   2994 |   2842 |    152 |    177 |   2205 |   3 |  998.0 |
        Depths |   5643 |   4287 |   1356 |    770 |   2451 |   4 | 1410.8 |
           Zot |   7428 |   7219 |    209 |   2700 |   2051 |   5 | 1485.6 |
      Ziggurat |    387 |    387 |      0 |     78 |     58 |   9 |   43.0 |
         Trove |    100 |    100 |      0 |      0 |      0 |   1 |  100.0 |
         Sewer |    436 |    436 |      0 |    102 |    134 |   1 |  436.0 |
        Wizlab |    254 |    254 |      0 |    196 |      0 |   1 |  254.0 |
    Desolation |    997 |    997 |      0 |    199 |    181 |   1 |  997.0 |
               +--------+--------+--------+--------+--------+-----+--------+

Top non-repeatable levels by time:
Vaults:5: 3002 daAuts
   Zot:5: 2673 daAuts
  Lair:1: 2211 daAuts
  Lair:2: 2091 daAuts
    D:12: 2047 daAuts
Spider:4: 2026 daAuts
Shoals:2: 1997 daAuts
  Lair:4: 1929 daAuts
Vaults:2: 1924 daAuts
Spider:3: 1893 daAuts
   Orc:2: 1850 daAuts
    D:13: 1795 daAuts
  Lair:5: 1773 daAuts
Shoals:1: 1736 daAuts
   Elf:3: 1730 daAuts
